 Dungeon Crawl Stone Soup version 0.29-a0-322-g68df515428 (webtiles) character file.

Game seed: 11034488587336347505

156 bande the Covered (level 5, -10/33 HPs)
             Began as a Gargoyle Fighter on Apr 6, 2022.
             Killed by divine providence
             ... invoked by an orc priest
              (12 damage)
             ... on level 3 of the Dungeon.
             The game lasted 00:03:57 (2361 turns).

bande the Covered (Gargoyle Fighter)                Turns: 2361, Time: 00:03:58

Health: -10/33     AC: 13    Str: 19    XL:     5   Next: 37%
Magic:  5/5        EV:  7    Int:  9    God:
Gold:   80         SH:  8    Dex: 11    Spells: 4/4 levels left

rFire   . . .      SeeInvis .   a - +0 war axe
rCold   . . .      Faith    .   m - +0 kite shield
rNeg    + . .      Spirit   .   b - +0 scale mail
rPois   ∞          Reflect  .   j - +0 helmet
rElec   +          Harm     .   i - +0 cloak
rCorr   .          Rampage  .   (no gloves)
Will    .....                   (no boots)
Stlth   ..........              (no amulet)
HPRegen 0.11/turn               (no ring)
MPRegen 0.09/turn               (no ring)

@: no status effects
A: sickness immunity, AC +4, negative energy resistance 1, electricity
resistance, torment resistance 1, petrification resistance
a: no special abilities


You were on level 3 of the Dungeon.
You visited 1 branch of the dungeon, and saw 3 of its levels.

You collected 80 gold pieces.

Inventory:

Hand Weapons
 a - a +0 war axe (weapon)
Armour
 b - a +0 scale mail (worn)
 i - a +0 cloak (worn)
 j - a +0 helmet (worn)
 m - a +0 kite shield (worn)
Jewellery
 c - a ring of protection from cold
Scrolls
 f - a scroll of identify
Potions
 d - 3 potions of might
 e - a potion of curing
 g - a potion of resistance
 h - a potion of cancellation
 l - a potion of haste


   Skills:
 + Level 4.0 Fighting
 + Level 3.6 Axes
 + Level 4.2 Armour
 + Level 3.6 Shields


You had 4 spell levels left.
You didn't know any spells.
Your spell library was empty.

Dungeon Overview and Level Annotations

Branches:
Dungeon (3/15)

Altars:


Innate Abilities, Weirdness & Mutations

You are immune to sickness and miasma.
Your stone body is resilient. (AC +4)
You are immune to poison.
You resist negative energy. (rN+)
You are resistant to electric shocks. (rElec)
You are resistant to unholy torment.
You are immune to petrification.


Message History

The orc priest begins to cast a cantrip, but forgets the words!
You closely miss the orc. The orc barely misses you.
You hit the orc.
The orc is heavily wounded.
The orc hits you but does no damage. You block the orc's attack.
You slash the orc!
You kill the orc!
You barely miss the orc. The orc barely misses you.
The orc hits you but does no damage.
You hit the orc.
The orc is severely wounded.
You block the orc's attack.
You closely miss the orc.
The orc is severely wounded.
The orc barely misses you.
The orc priest invokes the aid of Beogh against you.
Beogh smites you! The orc barely misses you.
You are too injured to fight recklessly!
You are too injured to fight recklessly!
You are too injured to fight recklessly!
You are too injured to fight recklessly!
You are too injured to fight recklessly!
You are too injured to fight recklessly!
You are too injured to fight recklessly!
You are too injured to fight recklessly!
You barely miss the orc.
The orc is severely wounded.
You block the orc's attack.
The orc priest invokes the aid of Beogh against you.
Beogh smites you!
* * * LOW HITPOINT WARNING * * *
You barely miss the orc.
The orc is severely wounded.
You block the orc's attack. The orc closely misses you.
You closely miss the orc.
The orc is severely wounded.
The orc hits you but does no damage.
The orc priest mumbles some strange prayers to Beogh against you.
Beogh smites you!
You die...

#...#)((#..#
#...#[$[#..#
####...#[!/#†.#
.......#####..#
#..........#
#..........# .
#.######†###
....####.######.########
.....oo@........†.......
....####.##.###.#[......
. ...#.###.#).?....
.#...............
#....###.....≈....
##.#.##...........
#.#.##...........
#.#.##.####.#.###
#.#.##.# #.#.#


You could see an orc priest and an orc.

Vanquished Creatures
  A sky beast (D:3)
  An adder (D:2)
  2 dart slugs (D:1)
  An orc (D:3)
  3 ball pythons
  6 endoplasms
  4 giant cockroaches
  8 hobgoblins
  A quokka (D:1)
  6 bats
  2 frilled lizards
  3 goblins
  3 kobolds
  6 rats
47 creatures vanquished.

Notes
Turn   | Place    | Note
-------+----------+-------------------------------------------
     0 | D:1      | bande the Gargoyle Fighter began the quest for the Orb.
     0 | D:1      | Reached XP level 1. HP: 14/14 MP: 1/1
   571 | D:1      | Reached XP level 2. HP: 19/19 MP: 2/2
   810 | D:1      | Reached XP level 3. HP: 20/24 MP: 3/3
  1984 | D:2      | Found a faded altar of an unknown god.
  2085 | D:2      | Reached XP level 4. HP: 29/29 MP: 4/4
  2270 | D:3      | Noticed a sky beast
  2284 | D:3      | Killed a sky beast
  2285 | D:3      | Reached XP level 5. HP: 28/33 MP: 5/5
  2361 | D:3      | Killed from afar by an orc priest

Illustrated notes

Levels and vault maps discovered:
D:1:      enne_arrival_octagon_isle, layout_basic, minmay_ruptured
D:2:      layout_basic, chequers_ecumenical_altar_grove
D:3:      layout_loops_ring, minmay_misc_feat_hallway, due_unseen_surprise

Skill      XL: |  1  2  3  4 |
---------------+-------------+-----
Axes           | 2 3 |  3.6
Armour         | 4 |  4.2
Fighting       | 4 |  4.0
Shields        | |  3.6

Action                   |  1- 3 |  4- 6 || total
-------------------------+-------+-------++-------
Melee: War axe           |   103 |    39 ||   142
  Use: Scroll            |     6 |     2 ||     8
Armor: Scale mail        |    63 |    21 ||    84
Dodge: Dodged            |    68 |    14 ||    82
Block: Buckler           |    22 |       ||    22
       Kite shield       |       |    12 ||    12

Table legend: (Time is in decaauts)
 A = Elapsed time spent in this place.
 B = Non-inter-level travel time spent in this place.
 C = Inter-level travel time spent in this place.
 D = Time resting spent in this place.
 E = Time spent auto-exploring this place.
 F = Levels seen in this place.
 G = Mean time per level.
                   A        B        C        D        E       F      G
               +--------+--------+--------+--------+--------+-----+--------+
         Total |   2425 |   2425 |      0 |    399 |   1532 |   3 |  808.3 |
       Dungeon |   2425 |   2425 |      0 |    399 |   1532 |   3 |  808.3 |
               +--------+--------+--------+--------+--------+-----+--------+

Top non-repeatable levels by time:
     D:1: 1534 daAuts
     D:2: 718 daAuts
     D:3: 172 daAuts
